Map: 시뮬레이크럼 - 래더

Players

INnoVation - Winner!

  • Race: Terran Terran
  • League: Grandmaster
  • Spawn Location: 5:00

Dream

  • Race: Terran Terran
  • League: Grandmaster
  • Spawn Location: 11:00

VOD

Have the link to the VOD?

Description

Time

  • Played on: Jan. 15, 2020, 5:38 a.m.
  • Length: 13:20
Show
View Real Time Build Order
Export as new Build Order

INnoVation Terran - Winner!

Build Orders: Mech 

Get SALT Encoding   

  12  0:00  SCV  
  13  0:12  SCV  
  14  0:17  Supply Depot  
  14  0:24  SCV  
  14  0:27  Refinery  
  15  0:38  SCV  
  16  0:44  Barracks  
  16  0:50  SCV  
  17  0:57  Refinery  
  17  1:02  SCV  
  18  1:14  SCV  
  19  1:30  Orbital Command  
  19  1:31  Reaper  
  20  1:34  Factory  
  20  1:46  Supply Depot  
  20  1:56  SCV  
  21  2:03  Reaper  
  23  2:08  SCV  
  23  2:17  Hellion  
  23  2:20  SCV  
  26  2:26  Command Center  
  26  2:32  SCV  
  26  2:35  Reaper  
  28  2:39  Hellion  
  28  2:41  Supply Depot  
  30  2:44  SCV  
  31  2:53  Starport  
  31  3:01  Factory Tech Lab  
  31  3:03  SCV  
  32  3:07  Barracks Reactor  
  32  3:15  SCV  
  32  3:19  Cyclone  
  36  3:27  SCV  
  36  3:32  Starport Tech Lab  
  37  3:37  Refinery  
  37  3:39  SCV, Orbital Command  
  38  3:43  Marine  
  38  3:44  Marine  
  40  3:50  Raven  
  40  3:54  SCV  
  43  4:03  Cyclone  
  43  4:05  SCV  
  43  4:06  SCV, Marine, Supply Depot  
  43  4:07  Marine  
  50  4:14  Supply Depot  
  50  4:17  SCV  
  50  4:18  SCV  
  52  4:24  Marine x2  
  54  4:36  Raven  
  50  4:38  SCV x2  
  54  4:49  Marine x2  
  54  4:50  SCV x2, Supply Depot  
  54  4:51  Cyclone  
  58  4:53  Mag-Field Accelerator  
  58  5:02  SCV x2  
  58  5:06  Marine x2  
  62  5:14  SCV  
  62  5:15  SCV  
  62  5:16  Command Center  
  62  5:19  Refinery  
  62  5:21  Raven  
  66  5:24  Marine x2  
  66  5:27  SCV x2  
  70  5:31  Supply Depot  
  70  5:36  Siege Tank  
  70  5:39  SCV x2  
  70  5:42  Marine x2  
  77  5:52  SCV x2  
  76  6:00  Marine x2  
  78  6:04  SCV x2  
  69  6:16  SCV  
  69  6:17  SCV  
  65  6:19  Factory  
  65  6:23  Armory  
  65  6:24  Factory  
  65  6:26  Armory  
  65  6:27  Orbital Command  
  65  6:28  SCV  
  65  6:29  SCV  
  65  6:30  Refinery  
  67  6:40  SCV  
  67  6:41  SCV  
  67  6:43  Refinery  
  69  6:50  Siege Tank  
  69  6:51  Starport Reactor  
  69  6:52  SCV  
  69  6:53  SCV  
  69  6:54  SCV  
  72  6:57  Barracks Reactor  
  72  6:59  Factory  
  72  7:01  Factory  
  72  7:05  SCV x2, Engineering Bay, Siege Tank  
  72  7:06  SCV  
  78  7:12  Terran Vehicle Weapons Level 1  
  78  7:14  Hellion x2  
  82  7:17  SCV x2  
  82  7:18  Supply Depot  
  82  7:19  SCV  
  82  7:21  Terran Vehicle And Ship Armor Level 1  
  85  7:27  Viking x2  
  85  7:29  SCV  
  89  7:31  SCV x2  
  89  7:35  Supply Depot  
  89  7:36  Siege Tank  
  94  7:40  Hellion x2  
  94  7:41  SCV  
  94  7:43  Siege Tank  
  102  7:46  SCV x2  
  102  7:48  Factory Tech Lab  
  102  7:50  Supply Depot  
  104  7:53  SCV  
  104  7:56  Hellion  
  104  7:57  Viking x2, Hellion  
  113  8:06  Supply Depot  
  113  8:07  Supply Depot  
  113  8:12  Command Center  
  113  8:13  Siege Tank x2  
  113  8:16  Infernal Pre-Igniter  
  119  8:21  Supply Depot  
  119  8:23  Siege Tank  
  119  8:25  Hellion  
  124  8:28  Hellion x2  
  124  8:29  Hellion  
  124  8:31  Medivac  
  132  8:36  Medivac  
  132  8:39  Supply Depot  
  134  8:42  SCV x3  
  137  8:51  Supply Depot  
  137  8:54  SCV x3  
  140  8:55  Sensor Tower  
  140  8:57  Supply Depot, Siege Tank x2  
  140  9:00  Refinery  
  140  9:01  Refinery  
  146  9:03  Medivac  
  146  9:08  Medivac  
  150  9:10  Hellion x2  
  150  9:11  Hellion  
  150  9:16  SCV x2  
  150  9:17  SCV  
  157  9:21  Terran Vehicle Weapons Level 2  
  147  9:28  Planetary Fortress  
  147  9:30  Hellion  
  149  9:31  Hellion x2  
  149  9:33  Hellion  
  154  9:39  Viking  
  154  9:41  Viking  
  154  9:42  Supply Depot  
  158  9:45  Terran Vehicle And Ship Armor Level 2  
  160  9:53  Hellion x2  
  160  9:54  Hellion  
  160  9:59  Siege Tank  
  154  10:09  Viking  
  154  10:11  Viking, Siege Tank x2  
  145  10:17  Hellion x2  
  145  10:18  Hellion  
  151  10:28  Sensor Tower  
  151  10:33  Siege Tank  
  151  10:35  Hellion  
  156  10:39  Hellion x3  
  162  10:43  Siege Tank x2  
  162  10:46  Command Center  
  168  10:59  Factory  
  168  11:00  Factory x2  
  168  11:03  Hellion x2  
  168  11:04  Hellion x2  
  176  11:06  Missile Turret  
  176  11:07  Liberator x2  
  176  11:11  Siege Tank  
  176  11:15  Siege Tank x2  
  191  11:27  Command Center  
  190  11:37  Smart Servos  
  190  11:44  Factory Tech Lab  
  190  11:45  Factory Reactor, Factory Tech Lab, Hellion  
  190  11:46  Hellion x2  
  196  11:52  Missile Turret x2  
  194  11:54  Hellion  
  194  11:56  Siege Tank x2  
  194  12:00  Siege Tank  
  170  12:05  Siege Tank  
  170  12:07  Hellion x3  
  159  12:11  Siege Tank  
  159  12:14  SCV  
  159  12:15  SCV x3, Hellion  
  165  12:23  Hellion x2  
  165  12:27  SCV x3  
  165  12:28  Refinery, Siege Tank  
  175  12:30  Refinery  
  175  12:33  Siege Tank  
  178  12:43  Siege Tank  
  181  12:45  Hellion x5  
  189  13:01  SCV  
  189  13:02  SCV x2  
Show
View Real Time Build Order
Export as new Build Order

Dream Terran 

Build Orders:  

Get SALT Encoding   

  12  0:00  SCV  
  13  0:12  SCV  
  14  0:17  Supply Depot  
  14  0:24  SCV  
  15  0:32  Refinery  
  15  0:38  SCV  
  16  0:44  Barracks  
  16  0:50  SCV  
  16  0:55  Refinery  
  17  1:02  SCV  
  18  1:14  SCV  
  19  1:31  Reaper, Orbital Command  
  20  1:36  Factory  
  20  1:48  Supply Depot  
  20  1:57  SCV  
  21  2:03  Reaper  
  22  2:09  SCV  
  23  2:21  SCV, Hellion  
  26  2:34  Command Center  
  26  2:36  SCV, Barracks Reactor  
  27  2:43  Factory Tech Lab  
  27  2:49  SCV, Starport  
  28  2:56  Supply Depot  
  28  3:04  Siege Tank  
  31  3:17  Marine x2  
  31  3:18  SCV  
  34  3:25  Medivac  
  36  3:30  SCV  
  37  3:35  Marine x2  
  37  3:39  Refinery  
  39  3:46  SCV, Cyclone  
  43  3:49  Orbital Command  
  43  3:55  Marine  
  44  3:57  Marine  
  44  3:58  SCV, Starport Tech Lab  
  46  4:10  SCV  
  46  4:15  Marine  
  46  4:16  Marine  
  49  4:17  SCV  
  49  4:18  Raven  
  49  4:22  SCV  
  53  4:24  Supply Depot  
  51  4:31  SCV  
  51  4:34  SCV  
  51  4:36  Marine  
  51  4:38  Marine  
  49  4:45  SCV  
  47  4:48  Siege Tank  
  47  4:49  SCV  
  47  4:50  Supply Depot  
  51  4:57  SCV  
  51  4:58  Marine x2  
  54  5:01  Raven, SCV  
  54  5:03  Supply Depot  
  57  5:09  SCV  
  57  5:13  SCV  
  59  5:16  Marine x2  
  61  5:21  SCV  
  61  5:22  Siege Tank  
  61  5:26  SCV, Supply Depot  
  66  5:32  Command Center  
  66  5:34  SCV  
  67  5:38  SCV, Marine x2  
  70  5:49  SCV  
  70  5:50  SCV  
  70  5:51  Command Center  
  65  5:57  Starport Reactor  
  65  6:00  Marine  
  65  6:01  SCV  
  65  6:02  Marine  
  65  6:03  Siege Tank  
  63  6:11  SCV  
  56  6:14  SCV  
  56  6:17  Barracks  
  56  6:19  Refinery  
  56  6:24  SCV, Engineering Bay  
  56  6:25  Engineering Bay  
  57  6:26  SCV, Barracks  
  57  6:30  Marine, Stimpack  
  59  6:35  Medivac x2  
  59  6:36  Siege Tank  
  59  6:37  SCV  
  59  6:39  SCV  
  68  6:51  Terran Infantry Weapons Level 1, Marauder  
  68  6:53  SCV, Barracks  
  71  6:57  Barracks  
  71  6:59  SCV  
  72  7:04  Orbital Command  
  72  7:07  Barracks Tech Lab  
  72  7:11  SCV x2  
  72  7:15  Marauder  
  76  7:16  Terran Infantry Armor Level 1  
  76  7:17  Marine x2  
  76  7:21  Orbital Command, Siege Tank  
  81  7:26  Combat Shield, Marauder  
  81  7:27  SCV  
  84  7:35  SCV  
  84  7:36  Marine x2  
  87  7:40  SCV, Marauder  
  87  7:41  Supply Depot, Barracks Reactor  
  90  7:45  Barracks Tech Lab  
  90  7:46  Supply Depot  
  90  7:47  SCV x2  
  90  7:50  Marauder  
  94  7:52  SCV  
  94  7:54  Medivac x2  
  99  7:59  SCV  
  99  8:00  SCV  
  99  8:02  Supply Depot  
  99  8:03  Marine x2  
  99  8:04  SCV, Concussive Shells  
  104  8:10  Supply Depot  
  104  8:11  SCV, Armory  
  104  8:12  SCV  
  106  8:13  Marauder  
  106  8:14  Marine  
  106  8:17  Refinery  
  106  8:18  Refinery  
  111  8:20  Marine, Marauder  
  111  8:21  SCV  
  111  8:23  SCV  
  111  8:25  Marine x2  
  116  8:29  Marine  
  116  8:30  SCV  
  116  8:32  Marauder  
  116  8:33  SCV, Siege Tank  
  123  8:42  Marine x2, Marauder  
  123  8:45  SCV x3  
  123  8:48  Supply Depot  
  130  8:49  Supply Depot  
  130  8:50  Supply Depot  
  130  8:53  Marine x2  
  130  8:54  Marine  
  133  9:05  Supply Depot  
  133  9:08  Command Center  
  133  9:09  Marine  
  138  9:10  Supply Depot, Marauder x2  
  138  9:11  Terran Infantry Weapons Level 2  
  138  9:15  SCV x2  
  134  9:20  Marine x2, Marauder  
  135  9:27  Terran Infantry Armor Level 2  
  137  9:31  Marauder, Terran Vehicle Weapons Level 1  
  137  9:32  Marine x2  
  137  9:33  Marauder  
  137  9:38  Siege Tank  
  144  9:43  Marine x2, Marauder  
  148  9:49  SCV, Supply Depot  
  148  9:50  SCV x2  
  150  10:05  Marine, Marauder  
  150  10:06  Marauder  
  151  10:10  SCV x2  
  151  10:11  Marine x2, Marauder  
  125  10:16  Marine  
  125  10:21  Siege Tank  
  123  10:22  Medivac x2  
  123  10:23  Marine  
  123  10:27  Marauder x2  
  129  10:29  SCV x3  
  129  10:31  Orbital Command  
  132  10:38  Marine x2  
  132  10:39  Marine, Marauder  
  137  10:47  Barracks x2  
  137  10:49  Barracks  
  137  10:50  Marauder x2  
  137  10:51  Marine  
  137  10:54  Siege Tank  
  145  11:00  Marauder  
  145  11:03  Marine  
  145  11:04  Marine x2  
  149  11:05  Factory  
  149  11:09  Medivac x2  
  154  11:12  Marauder x2  
  154  11:17  Marine  
  159  11:21  Marine, Marauder  
  161  11:32  Siege Tank  
  163  11:33  Marauder  
  163  11:34  Marine, Marauder  
  168  11:43  Barracks Reactor, Marauder  
  168  11:44  Barracks Tech Lab  
  168  11:45  Marine x3, Barracks Tech Lab  
  173  11:51  Marine  
  173  11:54  Marauder  
  173  11:55  Marauder  
  140  12:03  Marine x2  
  140  12:04  Marauder, Siege Tank  
  140  12:06  Medivac x2  
  140  12:07  Marine, Marauder x2  
  123  12:15  Factory Tech Lab  
  123  12:16  Marine, Marauder  
  123  12:17  Marauder  
  123  12:22  Marine x3  
  131  12:26  Marine, Marauder  
  131  12:28  Marauder x2  
  138  12:36  Siege Tank  
  141  12:37  Marine, Marauder  
  141  12:38  Marauder  
  141  12:42  Siege Tank  
  149  12:47  Marauder  
  149  12:48  Marine  
  149  12:50  Marine x3, Marauder x2  
  151  12:58  Marine  
  131  12:59  Marine  
Tags
 
Add a new tag
Caveats
  • Supply blocks, unpowered buildings, or Contaminate may cause inaccurate times.
  • Supply counts are checked every 10 seconds.